 Dungeon Crawl Stone Soup version 0.29-a0-422-gafbd6decc1 (webtiles) character file.

Game seed: 4608413173908433426

645 ders the Magician (level 7, -4/45 HPs)
             Began as a Djinni Conjurer on May 18, 2022.
             Slain by Edmund
             ... wielding a +4 flail of draining
              (9 damage)
             ... on level 5 of the Dungeon.
             The game lasted 00:03:23 (5205 turns).

ders the Magician (Djinni Conjurer)                 Turns: 5205, Time: 00:03:23

Health: -4/45      AC:  5    Str:  6    XL:     7   Next: 82%
Gold:   137        EV: 12    Int: 22    God:
                   SH:  0    Dex: 11

rFire   + + .      SeeInvis .   (no weapon)
rCold   x . .      Faith    .   (no shield)
rNeg    . . .      Spirit   .   a - +0 robe
rPois   ∞          Reflect  .   (no helmet)
rElec   .          Harm     .   o - +2 cloak
rCorr   .          Rampage  .   (no gloves)
Will    .....                   (boots unavailable)
Stlth   ++........              (no amulet)
HPRegen 0.15/turn               (no ring)
MPRegen 0.00/turn               (no ring)

@: flying, very slightly contaminated
A: sickness immunity, fire resistance 2, cold vulnerability 1, float, innate
caster, HP casting, extra vitality 1
a: no special abilities


You were on level 5 of the Dungeon.
You visited 1 branch of the dungeon, and saw 5 of its levels.

You collected 137 gold pieces.

Inventory:

Armour
 a - a +0 robe (worn)
 o - a +2 cloak (worn)
Jewellery
 s - a ring of protection from fire
Wands
 p - a wand of polymorph (9)
 r - a wand of charming (8)
 v - a wand of digging (6)
Scrolls
 b - 5 scrolls of identify {unknown}
 c - 2 scrolls of blinking {unknown}
 d - a scroll of enchant armour {unknown}
 e - 2 scrolls of silence {unknown}
 g - 4 scrolls of teleportation {unknown}
 h - 3 scrolls of vulnerability {unknown}
 j - a scroll of fog {unknown}
 n - a scroll of enchant weapon {unknown}
 q - a scroll of magic mapping {unknown}
 t - a scroll of fear {unknown}
 u - a scroll of poison {unknown}
Potions
 f - 4 potions of flight {unknown}
 i - a potion of brilliance {unknown}
 k - a potion of resistance {unknown}
 l - 2 potions of lignification {unknown}
 m - a potion of degeneration {unknown}
 w - 2 potions of curing {unknown}
 x - 2 potions of heal wounds {unknown}


   Skills:
 - Level 2.1 Dodging
 - Level 1.5 Stealth
 + Level 7.0 Spellcasting


You couldn't memorise any spells.
You knew the following spells:

 Your Spells              Type           Power      Damage    Failure   Level
a - Magic Dart            Conj           100%       1d8       1%          1
b - Searing Ray           Conj           76%        2d7       1%          2
c - Dazzling Flash        Conj/Hex       76%        N/A       1%          3
d - Fulminant Prism       Conj/Hex       19%        3d11      4%          4
e - Iskenderun's Mystic   Conj/Tloc      38%        2d9       4%          4
f - Freeze                Ice            100%       1d11      1%          1
g - Static Discharge      Conj/Air       38%        N/A       1%          2
h - Lesser Beckoning      Tloc           38%        N/A       1%          3
Your spell library was empty.

Dungeon Overview and Level Annotations

Branches:
Dungeon (5/15)
 Temple: D:4-7

Altars:
Kikubaaqudgha
Yredelemnul

Annotations:
D:5 Edmund


Innate Abilities, Weirdness & Mutations

You are immune to sickness and miasma.
You are immune to poison.
Your flesh is very heat resistant. (rF++)
You are vulnerable to cold. (rC-)
You float through the air rather than walking.
You learn spells naturally, not from books.
Your magical power is your life essence.
You have superior vitality. (+4 MHP)


Message History

(Press . to maintain the ray.) Edmund gestures with his flail.
Edmund hits you with a +4 flail of draining!
Unknown command.
Casting: Searing Ray (safe; 1% risk of failure)
Confirm with . or Enter, or press ? or * to list all spells.
Restarting spell: Searing Ray (safe; 1% risk of failure)
Press: ? - help, Shift-Dir - straight line, f/p - Edmund
Aim: Edmund, wielding a +4 flail of draining and wearing a +0 scale mail (lightly wounded, 83% to hit)
The searing ray hits Edmund!
Edmund is moderately wounded. (Press . to maintain the ray.) Edmund hits you with a +4 flail of draining!
Unknown command.
Casting: Searing Ray (safe; 1% risk of failure)
Confirm with . or Enter, or press ? or * to list all spells.
Restarting spell: Searing Ray (safe; 1% risk of failure)
Press: ? - help, Shift-Dir - straight line, f/p - Edmund
Aim: Edmund, wielding a +4 flail of draining and wearing a +0 scale mail (moderately wounded, 83% to hit)
The searing ray hits Edmund but does no damage.
Edmund is moderately wounded. (Press . to maintain the ray.) Edmund hits you with a +4 flail of draining.
* * * LOW HITPOINT WARNING * * *
Unknown command.
Casting: Searing Ray (safe; 1% risk of failure)
Confirm with . or Enter, or press ? or * to list all spells.
You erupt in a blast of force!
The mystic blast hits Edmund but does no damage.
Edmund is moderately wounded.
* * * LOW HITPOINT WARNING * * *
Edmund closely misses you.
Casting: Iskenderun's Mystic Blast (dangerous; 4% risk of failure)
Confirm with . or Enter, or press ? or * to list all spells.
You miscast Iskenderun's Mystic Blast.
You are very lightly contaminated with residual magic.
Nothing appears to happen.
* * * LOW HITPOINT WARNING * * *
Edmund hits you with a +4 flail of draining!
You die...

## ####### .. #.....#
###.##.....#
#....@@....#
#$#.##.....# #.....#
###.### #.#
#.####.##############
#....................
######.#############.
#.# #.


You could see Edmund.

Vanquished Creatures
  Grinder (D:4)
  An ogre (D:5)
  A scorpion (D:4)
  A hound (D:4)
  3 iguanas
  Natasha (thrice) (D:3)
  3 gnolls (D:3)
  5 adders
  An ufetubus (D:5)
  A worm (D:4)
  2 dart slugs
  2 orcs
  6 ball pythons
  4 bats
  5 endoplasms
  3 giant cockroaches
  5 goblins
  4 hobgoblins
  5 kobolds
  2 quokkas
  3 frilled lizards
  5 rats
66 creatures vanquished.

Vanquished Creatures (others)
  4 plants (D:4)
4 creatures vanquished.

Grand Total: 70 creatures vanquished

Notes
Turn   | Place    | Note
-------+----------+-------------------------------------------
     0 | D:1      | ders the Djinni Conjurer began the quest for the Orb.
     0 | D:1      | Reached XP level 1. HP: 15/15 MP: 0/0
   458 | D:1      | Reached XP level 2. HP: 19/21 MP: 0/0
  1297 | D:1      | Reached XP level 3. HP: 24/25 MP: 0/0
  1297 | D:1      | Learned a level 1 spell: Freeze
  1429 | D:2      | Reached skill level 4 in Spellcasting
  2382 | D:3      | Noticed Natasha
  2387 | D:3      | Killed Natasha
  2388 | D:3      | Reached XP level 4. HP: 28/31 MP: 0/0
  2459 | D:3      | Noticed Natasha
  2471 | D:3      | Killed Natasha
  2725 | D:3      | Reached XP level 5. HP: 32/35 MP: 0/0
  2725 | D:3      | Learned a level 2 spell: Static Discharge
  2950 | D:3      | Reached skill level 5 in Spellcasting
  2963 | D:3      | Noticed Natasha
  2969 | D:3      | Killed Natasha
  3315 | D:3      | Reached XP level 6. HP: 39/40 MP: 0/0
  4334 | D:4      | Noticed Grinder
  4342 | D:4      | Killed Grinder
  4343 | D:4      | Reached skill level 6 in Spellcasting
  4343 | D:4      | Reached XP level 7. HP: 31/45 MP: 0/0
  4343 | D:4      | Learned a level 3 spell: Lesser Beckoning
  4537 | D:4      | Found a basalt altar of Yredelemnul.
  5068 | D:5      | Entered Level 5 of the Dungeon
  5122 | D:5      | Reached skill level 7 in Spellcasting
  5198 | D:5      | Noticed Edmund
  5205 | D:5      | Slain by Edmund

Illustrated notes

Levels and vault maps discovered:
D:1:      tarquinn_simple_flora_water_c, layout_loops_corners, chequers_avenue,
          st_stairs_10
D:2:      layout_basic
D:3:      layout_basic, mainiacjoe_overflow_cross_hatched, uniq_natasha
D:4:      layout_basic, yredelemnul_altar_generic, serial_bayou,
          serial_bayou_ford_a, serial_bayou_pond_c, serial_bayou_lagoon_b,
          serial_bayou_pond_d, serial_bayou_crossing, serial_bayou_shore_b,
          st_stairs_12, uniq_grinder
D:5:      layout_loops_ring, uniq_edmund, uniq_crazy_yiuf_cottage

Skill      XL: |  1  2  3  4  5  6  7 |
---------------+----------------------+-----
Spellcasting   | 4 5 6 7 |  7.0
Dodging        | |  2.1
Stealth        | |  1.5

Action                   |  1- 3 |  4- 6 |  7- 9 || total
-------------------------+-------+-------+-------++-------
 Cast: Magic Dart        |    65 |    66 |    17 ||   148
       Searing Ray       |       |    25 |    10 ||    35
       Iskenderun's Myst |       |       |     1 ||     1
Armor: Robe              |       |     2 |       ||     2
Dodge: Dodged            |     1 |    23 |     2 ||    26

Table legend: (Time is in decaauts)
 A = Elapsed time spent in this place.
 B = Non-inter-level travel time spent in this place.
 C = Inter-level travel time spent in this place.
 D = Time resting spent in this place.
 E = Time spent auto-exploring this place.
 F = Levels seen in this place.
 G = Mean time per level.
                   A        B        C        D        E       F      G
               +--------+--------+--------+--------+--------+-----+--------+
         Total |   5204 |   5050 |    154 |    563 |   4150 |   5 | 1040.8 |
       Dungeon |   5204 |   5050 |    154 |    563 |   4150 |   5 | 1040.8 |
               +--------+--------+--------+--------+--------+-----+--------+

Top non-repeatable levels by time:
     D:3: 1560 daAuts
     D:1: 1391 daAuts
     D:4: 1147 daAuts
     D:2: 967 daAuts
     D:5: 136 daAuts
